AoeStats
← LM | TornardoBriese

Hideout

503191822Analyzed
4v4 RM · 1mo ago on Aug 30, 2026· 38m 48s· 8 players
Game mode
Random Map
Map size
Large (8 player)
Population
200
Speed
Normal
Resources
Standard
Victory
Conquest
Starting age
Dark Age
Ending age
Imperial Age
RankedLock teamsTeams togetherTeam positionsShared explorationLock speedFull tech treeHidden civsTurbo modeCheats
Victory
Defeat
🇧🇷 Maya · Brazil
1657
+12
🇦🇷 Goths · Argentina
1656
+12
🇪🇸 Vikings · Spain
1623
+13
🇩🇪 Sicilians · Germany
1489
+19
🇩🇪 Chinese · Germany
1666
-19
🇲🇦 Shu · Morocco
1586
-15
🇩🇪 Khmer · Germany
1552
-14
🇨🇭 Romans · Switzerland
1442
-9
LM | Scogx
0:25 Loom
10:46 Feudal Age
14:17 Castle Age
12:27 Double-Bit Axe
12:45 Horse Collar
15:18 Fletching
19:31 Bodkin Arrow
20:42 Padded Archer Armor
22:08 Leather Archer Armor
26:21 Wheelbarrow
28:26 Bow Saw
32:32 Imperial Age
31:14 Ballistics
31:03 Gold Mining
31:03 Stone Mining
33:16 Bracer
34:17 Chemistry
34:09 Ring Archer Armor
37:03 Hand Cart
Samara
11:24 Feudal Age
14:17 Loom
16:54 Castle Age
15:43 Fletching
15:37 Horse Collar
15:47 Double-Bit Axe
16:50 Gold Mining
17:21 Padded Archer Armor
17:13 Crossbowman
18:52 Bodkin Arrow
22:50 Bow Saw
23:26 Wheelbarrow
23:42 Town Watch
25:02 Leather Archer Armor
25:17 Thumb Ring
27:04 Ballistics
27:53 Heavy Plow
28:17 Stone Mining
35:10 Imperial Age
33:35 Hand Cart
34:34 Gold Shaft Mining
35:16 Arbalester
35:57 Bracer
37:00 Chemistry
36:48 Bolt Magazine
peah90
8:18 Loom
10:58 Feudal Age
14:58 Double-Bit Axe
14:55 Horse Collar
19:52 Castle Age
21:18 Gold Mining
21:40 Bow Saw
22:11 Wheelbarrow
21:21 Town Watch
26:44 Gold Shaft Mining
27:56 Fletching
31:40 Imperial Age
31:11 Hand Cart
31:33 Tusk Swords
32:38 Ballistics
33:30 Chemistry
33:24 Conscription
36:34 Elite Ballista Elephant
LM | TornardoBriese
10:48 Feudal Age
14:37 Castle Age
12:52 Double-Bit Axe
12:54 Horse Collar
15:36 Bow Saw
15:49 Heavy Plow
24:11 Man-at-Arms
24:53 Scale Mail Armor
24:55 Squires
25:08 Forging
26:34 Wheelbarrow
26:22 Chain Mail Armor
30:02 Imperial Age
26:59 Long Swordsman
28:08 Gold Mining
28:47 Hand Cart
29:31 Ballistics
30:24 Chain Mail Armor
30:44 Iron Casting
30:07 Capped Ram
30:34 Loom
31:24 Crop Rotation
32:41 Chemistry
31:55 Masonry
32:17 Legionary
32:53 Fletching
32:59 Pikeman
33:46 Stone Mining
34:31 Gold Shaft Mining
35:14 Blast Furnace
35:32 Halberdier
36:50 Bodkin Arrow
37:06 Siege Engineers
Raspadori
10:45 Feudal Age
14:51 Castle Age
12:46 Double-Bit Axe
13:09 Horse Collar
16:10 Bow Saw
19:35 Town Watch
20:34 Loom
23:38 Forging
25:19 Scale Mail Armor
28:04 Imperial Age
26:29 Iron Casting
26:48 Chain Mail Armor
26:37 Squires
26:23 Arson
27:32 Fletching
27:53 Gold Mining
27:56 Stone Mining
29:04 Conscription
28:09 Capped Ram
29:47 Gold Shaft Mining
29:55 Plate Mail Armor
30:44 Blast Furnace
30:15 Siege Ram
32:15 Ballistics
31:36 Treadmill Crane
33:08 Two-Man Saw
32:45 Fortified Wall
32:45 Masonry
32:45 Heavy Plow
33:26 Chieftains
35:25 Chemistry
34:20 Bodkin Arrow
34:31 Elite Berserk
35:59 Crop Rotation
36:45 Hoardings
37:38 Bracer
37:43 Caravan
38:40 Siege Engineers
[UDeaD]EL ROJO
10:49 Feudal Age
12:30 Horse Collar
14:55 Castle Age
13:54 Double-Bit Axe
16:28 Loom
22:55 Wheelbarrow
22:15 Town Watch
22:43 Gold Mining
24:39 Heavy Plow
25:44 Stone Mining
26:41 Hand Cart
27:37 Fletching
28:09 Bow Saw
31:13 Imperial Age
29:08 Bloodlines
28:58 Husbandry
29:23 Bodkin Arrow
29:34 Scale Barding Armor
29:40 Forging
30:53 Chain Barding Armor
31:24 Masonry
31:56 Cavalier
33:46 Plate Barding Armor
35:28 Onager
37:06 Hauberk
Julio2
0:28 Loom
11:07 Feudal Age
15:19 Castle Age
14:08 Double-Bit Axe
14:14 Gold Mining
14:59 Fletching
15:46 Crossbowman
19:23 Bodkin Arrow
22:16 Wheelbarrow
25:17 Hand Cart
26:45 Horse Collar
30:45 Imperial Age
29:09 Padded Archer Armor
29:53 Ballistics
31:06 Thumb Ring
31:26 Bracer
32:27 Chemistry
32:05 Bow Saw
32:07 Arbalester
32:50 Town Watch
33:48 Leather Archer Armor
38:27 Caravan
AceRx
6:40 Loom
9:00 Feudal Age
9:03 Man-at-Arms
9:45 Double-Bit Axe
11:13 Horse Collar
19:50 Castle Age
18:26 Fletching
19:55 Crossbowman
20:47 Bow Saw
20:50 Bodkin Arrow
22:42 Wheelbarrow
22:08 Gold Mining
24:56 Heavy Plow
24:55 Town Watch
26:41 Stone Mining
28:24 Hand Cart
33:37 Imperial Age
31:24 Pikeman
32:04 Squires
32:05 Scale Mail Armor
32:16 Forging
33:05 Chain Mail Armor
32:51 Anarchy
33:50 Elite Huskarl
34:28 Halberdier
35:44 Iron Casting
36:28 Perfusion
Connection lost

Rejoining the realm…

Still unreachable

The connection could not be restored.

Session expired

The server has moved on; the page needs a fresh start.